 Dungeon Crawl Stone Soup version 0.26-a0-712-ga5a9c9c9d0 (webtiles) character file.

Game seed: 253073320090597536

58 Azzok the Chopper (level 3, -1/43 HPs)
             Began as a Demonspawn Berserker on Nov 5, 2020.
             Was a Believer of Trog.
             Slain by a jackal (2 damage)
             ... on level 3 of the Dungeon.
             The game lasted 00:01:42 (2676 turns).

Azzok the Chopper (Demonspawn Berserker)            Turns: 2676, Time: 00:01:42

Health: -1/43      AC:  2    Str: 18    XL:     3   Next: 75%
Magic:  3/3        EV: 11    Int:  8    God:    Trog [**....]
Gold:   202        SH:  3    Dex: 12    Spells: 2/2 levels left

rFire    . . .     SeeInvis .   a - +0 hand axe
rCold    . . .     Faith    .   g - +0 buckler
rNeg     . . .     Spirit   .   b - +0 animal skin
rPois    .         Reflect  .   (no helmet)
rElec    .         Harm     .   (no cloak)
rCorr    .         Rampage  .   (no gloves)
MR       .....                  (no boots)
Stlth    ..........             (no amulet)
HPRegen  0.14/turn              (no ring)
MPRegen  0.08/turn              (no ring)

@: berserking, very quick
A: claws 1, demonic guardian 1
a: Berserk, Trog's Hand, Renounce Religion


You were on level 3 of the Dungeon.
You worshipped Trog.
Trog was pleased with you.
You visited 1 branch of the dungeon, and saw 3 of its levels.

You collected 202 gold pieces.

Inventory:

Hand Weapons
 a - a +0 hand axe (weapon)
Armour
 b - a +0 animal skin (worn)
 g - a +0 buckler (worn)
Scrolls
 c - 3 scrolls of teleportation {unknown}
 d - 4 scrolls of identify {unknown}
 i - a scroll of fog {unknown}
 j - a scroll of noise {unknown}
 m - a scroll of immolation {unknown}
 n - a scroll of remove curse {unknown}
 o - a scroll of random uselessness {unknown}
 p - a scroll of enchant weapon {unknown}
Potions
 e - 2 potions of lignification {unknown}
 f - a potion of flight {unknown}
 h - a potion of stabbing {unknown}
 k - 2 potions of heal wounds {unknown}
 l - a potion of haste {unknown}


   Skills:
 + Level 3.4 Fighting
 * Level 3.4 Axes
 + Level 2.2 Armour
 + Level 2.2 Dodging


You had 2 spell levels left.
You didn't know any spells.
Your spell library was empty.

Dungeon Overview and Level Annotations

Branches:
Dungeon (3/15)

Altars:
Kikubaaqudgha
Ru


Innate Abilities, Weirdness & Mutations

You have sharp fingernails.
A weak demonic guardian rushes to your aid.


Message History

Trog accepts your kill. The hobgoblin closely misses you. The worm bites you.
* * * LOW HITPOINT WARNING * * *
The jackal misses you.
You see here a jackal corpse.
You slash the hobgoblin!
You kill the hobgoblin!
Trog accepts your kill.
You slash the jackal!
You kill the jackal!
Trog accepts your kill.
You slash the worm!
A dart slug comes into view.
You barely miss the jackal. You hit the worm. You barely miss the adder.
The jackal bites you.
* * * LOW HITPOINT WARNING * * *
The adder barely misses you. The worm bites you!
* * * LOW HITPOINT WARNING * * *
The jackal bites you.
You die...

··$··
▒·▒··········▒
▒·▒··········▒ ▒▒
▒·▒··········▒ ▒·
▒·▒······▒·▒▒▒ ▒·
▒·▒······▒·▒▒▒▒▒▒·
▒·▒▒▒▒▒▒▒▒······(·
▒·▒ ▒▒▒▒▒▒▒▒▒ ▒5▒
▒· ▒▒╬▒@▒▒▒▒ ▒·
▒··whS··▒ ▒·
▒·······▒ ▒·
▒··?····▒ ▒▒·
▒·········· ▒··
▒▒╬▒╬▒····· ▒··
······ ▒·· ···w··
▒·· ···· ▒··


You could see a worm, an adder, a dart slug, a jackal and a friendly quasit
(summoned).

Vanquished Creatures
  A worm (D:3)
  3 dart slugs (D:1)
  A leopard gecko (D:2)
  7 bats
  A giant cockroach (D:1)
  2 goblins
  10 hobgoblins
  2 jackals (D:3)
  8 kobolds
  2 quokkas
  4 frilled lizards
  4 rats
45 creatures vanquished.

Vanquished Creatures (others)
  An adder (D:3)
  A leopard gecko (D:3)
  A frilled lizard (D:3)
  A kobold (D:3)
4 creatures vanquished.

Grand Total: 49 creatures vanquished

Notes
Turn   | Place    | Note
-------+----------+-------------------------------------------
     0 | D:1      | Azzok the Demonspawn Berserker began the quest for the Orb.
     0 | D:1      | Reached XP level 1. HP: 18/18 MP: 1/1
   607 | D:1      | Gained mutation: You have sharp fingernails. [demonic
                  | ancestry]
   607 | D:1      | Reached XP level 2. HP: 15/24 MP: 2/2
   838 | D:1      | Reached ** piety under Trog
   944 | D:1      | Gained mutation: A weak demonic guardian rushes to your
                  | aid. [demonic ancestry]
   944 | D:1      | Reached XP level 3. HP: 29/29 MP: 3/3
  1370 | D:2      | Found an ancient bone altar of Kikubaaqudgha.
  1432 | D:2      | Found a sacrificial altar of Ru.
  2676 | D:3      | HP: 1/43 [worm (7)]
  2676 | D:3      | Slain by a jackal

Illustrated notes

Levels and vault maps discovered:
D:1:      dpeg_arrival_three_bigger_balls, layout_basic,
          hangedman_decor_opposing, minmay_indecisive_spiral
D:2:      layout_basic, grunt_temple_overflow_open
D:3:      layout_basic, chequers_ecumenical_altar_simple, lemuel_flame_loot_1

Skill      XL: |  1  2 |
---------------+-------+-----
Axes           | 3 |  3.4
Armour         | 2 |  2.2
Dodging        | 2 |  2.2
Fighting       | |  3.4

Action                   || total
-------------------------++-------
Melee: Hand axe          ||   146
Invok: Berserk           ||     2
Armor: Animal skin       ||    31
Dodge: Dodged            ||   104
Block: Buckler           ||    11

Table legend: (Time is in decaauts)
 A = Elapsed time spent in this place.
 B = Non-inter-level travel time spent in this place.
 C = Inter-level travel time spent in this place.
 D = Time resting spent in this place.
 E = Time spent auto-exploring this place.
 F = Levels seen in this place.
 G = Mean time per level.
                   A        B        C        D        E       F      G
               +--------+--------+--------+--------+--------+-----+--------+
         Total |   2700 |   2643 |     57 |    244 |   2054 |   3 |  900.0 |
       Dungeon |   2700 |   2643 |     57 |    244 |   2054 |   3 |  900.0 |
               +--------+--------+--------+--------+--------+-----+--------+

Top non-repeatable levels by time:
     D:1: 1310 daAuts
     D:2: 783 daAuts
     D:3: 606 daAuts
